 Dungeon Crawl Stone Soup version 0.21-a0-632-g1e37ce5 (webtiles) character file.

97 teukkam the Sneak (level 4, 0/34 HPs)
             Began as a Gnoll Wanderer on Dec 22, 2017.
             Slain by an orc priest
             ... wielding a +0 mace
              (3 damage)
             ... on level 3 of the Dungeon on Dec 27, 2017.
             The game lasted 00:09:14 (1137 turns).

teukkam the Sneak (Gnoll Wanderer)                  Turns: 1137, Time: 00:09:14

Health: 0/34       AC:  7    Str: 16    XL:     4   Next: 68%
Magic:  5/5        EV: 11    Int: 13    God:
Gold:   80         SH:  0    Dex: 15    Spells: 5/5 levels left

rFire    . . .     SeeInvis .   b - +0 dagger
rCold    . . .     Gourm    .   (no shield)
rNeg     . . .     Faith    .   c - +0 ring mail
rPois    .         Spirit   .   (no helmet)
rElec    .         Reflect  .   (no cloak)
rCorr    .         Harm     +   (no gloves)
MR       .....                  o - +0 pair of boots
Stlth    +++.......             k - amulet of harm
HPRegen  0.11/turn              (no ring)
MPRegen  0.09/turn              (no ring)

@: no status effects
A: distributed training, fangs 1, strong nose
a: no special abilities


You were on level 3 of the Dungeon.
You were hungry.

You visited 1 branch of the dungeon, and saw 3 of its levels.

You collected 80 gold pieces.

Inventory:

Hand Weapons
 a - a +2 hand crossbow
 b - a +0 dagger (weapon)
 e - a +0 blowgun
Missiles
 d - 22 poisoned needles
 m - 11 bolts
Armour
 c - a +0 ring mail (worn)
 o - a +0 pair of boots (worn)
Jewellery
 k - an amulet of harm (around neck)
 q - an uncursed ring of poison resistance {unknown}
Scrolls
 h - 3 scrolls of identify {unknown}
 i - a scroll of enchant weapon {unknown}
 p - 2 scrolls of amnesia {unknown}
 r - a scroll of remove curse {unknown}
 s - a scroll of random uselessness {unknown}
 t - a scroll of magic mapping {unknown}
 v - a scroll of teleportation {unknown}
Potions
 j - a potion of haste {unknown}
 l - a potion of flight {unknown}
 n - 2 potions of curing {unknown}
 u - a potion of lignification {unknown}
Comestibles
 g - 3 rations


   Skills:
 + Level 2.8 Fighting
 + Level 1.2 Short Blades
 + Level 1.2 Long Blades
 + Level 1.2 Axes
 + Level 1.2 Maces & Flails
 + Level 1.2 Polearms
 + Level 1.2 Staves
 + Level 1.2 Slings
 + Level 1.2 Bows
 + Level 4.6 Crossbows
 + Level 4.6 Throwing
 + Level 4.6 Armour
 + Level 1.2 Dodging
 + Level 6.0 Stealth
 + Level 1.2 Shields
 + Level 1.2 Unarmed Combat
 + Level 1.2 Spellcasting
 + Level 1.0 Conjurations
 + Level 1.0 Hexes
 + Level 1.0 Charms
 + Level 1.0 Summonings
 + Level 1.0 Necromancy
 + Level 1.0 Translocations
 + Level 1.0 Transmutations
 + Level 1.0 Fire Magic
 + Level 1.0 Ice Magic
 + Level 1.0 Air Magic
 + Level 1.0 Earth Magic
 + Level 1.0 Poison Magic
 + Level 1.3 Invocations
 + Level 1.2 Evocations


You had 5 spell levels left.
You didn't know any spells.

Dungeon Overview and Level Annotations

Branches:
Dungeon (3/15)

Altars:


Innate Abilities, Weirdness & Mutations

Your experience applies equally to all skills.
You have very sharp teeth.
Your uncanny sense of smell can sniff out nearby items.


Message History

The orc priest is severely wounded.
You hit the orc priest but do no damage.
The orc priest is severely wounded.
The orc priest barely misses you.
You hit the orc priest but do no damage.
You bite the orc priest, but do no damage.
The orc priest is severely wounded.
The orc priest hits you but does no damage.
You hit the orc priest but do no damage.
The orc priest is severely wounded.
The orc priest hits you but does no damage.
You hit the orc priest but do no damage.
The orc priest is severely wounded.
The orc priest invokes the aid of Beogh against you.
Beogh smites you!
* * * LOW HITPOINT WARNING * * *
You hit the orc priest but do no damage.
The orc priest is severely wounded.
The orc priest hits you with a mace.
You die...

(# ### (..###
$...(# #....
!....# #.(#.#
..<..#
#.(..#####.....#
#............#
####.o(#........#
#...(.@......(..#
...######..##....
. #<.# # #..#
...# .##.( #.
##.. . ### .#


You could see an orc priest.

Vanquished Creatures
  4 adders (D:2)
  An ooze (D:1)
  3 dart slugs
  3 leopard geckos
  2 giant cockroaches
  8 goblins
  3 hobgoblins
  3 bats
  4 frilled lizards
  11 kobolds
  10 rats
52 creatures vanquished.

Notes
Turn   | Place    | Note
-------+----------+-------------------------------------------
     0 | D:1      | teukkam the Gnoll Wanderer began the quest for the Orb.
     0 | D:1      | teukkam set off with: a +2 hand crossbow, 26 bolts, a +0 ring mail, 13 poisoned needles, a +0 blowgun, a +0 dagger, a ration
     0 | D:1      | Reached XP level 1. HP: 17/17 MP: 1/1
    61 | D:1      | Reached XP level 2. HP: 23/23 MP: 2/2
   328 | D:1      | Reached XP level 3. HP: 28/28 MP: 3/3
   637 | D:2      | Reached skill level 6 in Stealth
   722 | D:2      | Reached skill level 1 in Invocations
   764 | D:2      | Reached skill level 1 in Short Blades
   764 | D:2      | Reached skill level 1 in Long Blades
   764 | D:2      | Reached skill level 1 in Axes
   764 | D:2      | Reached skill level 1 in Maces & Flails
   764 | D:2      | Reached skill level 1 in Polearms
   764 | D:2      | Reached skill level 1 in Staves
   764 | D:2      | Reached skill level 1 in Slings
   764 | D:2      | Reached skill level 1 in Bows
   764 | D:2      | Reached skill level 1 in Dodging
   764 | D:2      | Reached skill level 1 in Shields
   764 | D:2      | Reached skill level 1 in Unarmed Combat
   764 | D:2      | Reached skill level 1 in Spellcasting
   764 | D:2      | Reached skill level 1 in Evocations
   764 | D:2      | Reached XP level 4. HP: 27/34 MP: 5/5
   817 | D:2      | Upgraded the game from 0.21-a0-591-g2314aa1 to 0.21-a0-632-g1e37ce5
  1098 | D:3      | Reached skill level 1 in Conjurations
  1098 | D:3      | Reached skill level 1 in Hexes
  1098 | D:3      | Reached skill level 1 in Charms
  1098 | D:3      | Reached skill level 1 in Summonings
  1098 | D:3      | Reached skill level 1 in Necromancy
  1098 | D:3      | Reached skill level 1 in Translocations
  1098 | D:3      | Reached skill level 1 in Transmutations
  1098 | D:3      | Reached skill level 1 in Fire Magic
  1098 | D:3      | Reached skill level 1 in Ice Magic
  1098 | D:3      | Reached skill level 1 in Air Magic
  1098 | D:3      | Reached skill level 1 in Earth Magic
  1098 | D:3      | Reached skill level 1 in Poison Magic
  1137 | D:3      | Slain by an orc priest

Vault maps used:
D:1:      nzn_arrival_depleted_hourglass, corexii_corridor_pit
D:3:      first_ration, grunt_qazlal_clouds, uniq_terence, uniq_natasha

Skill      XL: |  1  2  3  4 |
---------------+-------------+-----
Stealth        | 6 |  6.0
Invocations    | 1 |  1.3
Short Blades   | 1 |  1.2
Long Blades    | 1 |  1.2
Axes           | 1 |  1.2
Maces & Flails | 1 |  1.2
Polearms       | 1 |  1.2
Staves         | 1 |  1.2
Slings         | 1 |  1.2
Bows           | 1 |  1.2
Dodging        | 1 |  1.2
Shields        | 1 |  1.2
Unarmed Combat | 1 |  1.2
Spellcasting   | 1 |  1.2
Evocations     | 1 |  1.2
Conjurations   | 1 |  1.0
Hexes          | 1 |  1.0
Charms         | 1 |  1.0
Summonings     | 1 |  1.0
Necromancy     | 1 |  1.0
Translocations | 1 |  1.0
Transmutations | 1 |  1.0
Fire Magic     | 1 |  1.0
Ice Magic      | 1 |  1.0
Air Magic      | 1 |  1.0
Earth Magic    | 1 |  1.0
Poison Magic   | 1 |  1.0
Fighting       | |  2.8
Crossbows      | |  4.6
Throwing       | |  4.6
Armour         | |  4.6

Action                   |  1- 3 |  4- 6 || total
-------------------------+-------+-------++-------
Melee: Club              |     7 |       ||     7
       Dagger            |    34 |    47 ||    81
       Bite              |     4 |     4 ||     8
 Fire: Hand crossbow     |    42 |    22 ||    64
 Stab: Sleeping          |     1 |     1 ||     2
Armor: Ring mail         |    22 |    15 ||    37
Dodge: Dodged            |    30 |    17 ||    47

Table legend:
 A = Spawn XP
 B = Non-spawn XP
 C = Spawn XP percentage of total XP
 D = Spawn monster count
 E = Non-spawn monster count
 F = Spawn count percentage of total count
 G = Total turns spent on level
                    A         B        C        D         E        F      G
               +---------+---------+-------+---------+---------+-------+---------
         Total |       0 |     139 |   0.0 |       0 |      52 |   0.0 |  1137
               +---------+---------+-------+---------+---------+-------+---------
           D:1 |       0 |      41 |   0.0 |       0 |      22 |   0.0 |   633
           D:2 |       0 |      90 |   0.0 |       0 |      26 |   0.0 |   461
           D:3 |       0 |       8 |   0.0 |       0 |       4 |   0.0 |    43
               +---------+---------+-------+---------+---------+-------+---------
